 Dungeon Crawl Stone Soup version 0.30-a0-34-gbe8da3892a (webtiles) character file.

Game seed: 2193973894325476184

851 ytrimaz the Magician (level 8, -4/48 HPs)
             Began as an Octopode Transmuter on Aug 27, 2022.
             Slain by an ogre
             ... wielding a +0 giant club
              (23 damage)
             ... on level 4 of the Dungeon.
             The game lasted 00:04:30 (3972 turns).

ytrimaz the Magician (Octopode Transmuter)          Turns: 3972, Time: 00:04:31

Health: -4/48      AC:  2    Str: 16    XL:     8   Next: 1%
Magic:  10/15      EV: 20    Int: 17    God:
Gold:   157        SH:  0    Dex: 23    Spells: 7/17 levels left

rFire   . . .      SeeInvis .      - Unarmed
rCold   . . .      Faith    .    (shield currently unavailable)
rNeg    . . .      Spirit   .    (helmet currently unavailable)
rPois   x          Reflect  .    j - amulet of regeneration
rElec   .          Harm     .    c - +6 ring of dexterity
rCorr   .          Rampage  .    g - +6 ring of strength
Will    .....                    (no ring)
Stlth   ++........               (no ring)
HPRegen 0.96/turn                (no ring)
MPRegen 0.14/turn                (no ring)
                                 (no ring)
                                 (no ring)

@: spider-form
A: venomous fangs, almost no armour, (amphibious), 8 rings, tiny, (camouflage
1), (gelatinous body 1), (nimble swimmer 1), (tentacles)
a: End Transformation


You were on level 4 of the Dungeon.
You were a venomous arachnid creature.
You visited 1 branch of the dungeon, and saw 4 of its levels.

You collected 157 gold pieces.

Inventory:

Missiles
 n - a throwing net
Jewellery
 c - a +6 ring of dexterity (left front leg)
 g - a +6 ring of strength (right front leg)
 j - an amulet of regeneration (around neck)
 l - the amulet "Nutesm" {Faith Str+2}
   (You found it on level 3 of the Dungeon)

   [amulet of faith]

   It allows you to gain divine favour quickly.
   Str:       It affects your strength (+2).
Scrolls
 k - 4 scrolls of teleportation
 o - a scroll of identify
Potions
 a - a potion of resistance {unknown}
 b - a potion of curing
 d - 2 potions of might
 e - 2 potions of haste {unknown}
 f - 2 potions of mutation {unknown}
 h - a potion of ambrosia {unknown}
 i - a potion of brilliance {unknown}
 m - 2 potions of lignification


   Skills:
 - Level 1.0 Fighting
 - Level 2.0 Dodging
 - Level 4.1 Unarmed Combat
 + Level 5.3 Spellcasting
 + Level 5.2 Transmutations
 + Level 0.5 Ice Magic
 - Level 4.0 Poison Magic


You had 7 spell levels left.
You knew the following spells:

 Your Spells              Type           Power      Damage    Failure   Level
a - Beastly Appendage     Tmut           44%        N/A       7%          1
b - Wereblood             Tmut           22%        N/A       9%          2
c - Spider Form           Tmut/Pois      20%        N/A       17%         3
d - Ice Form              Ice/Tmut       14%        N/A       61%         4

Your spell library contained the following spells:

 Spells                   Type           Power      Damage    Failure   Level
 Foxfire                  Conj/Fire      16%        2x1d4     32%         1
 Irradiate                Conj/Tmut      6%         3d13      91%         5
 Fireball                 Conj/Fire      2%         3d4       99%         5
 Fire Storm               Conj/Fire      2%         8d1       100%        9


Dungeon Overview and Level Annotations

Branches:
Dungeon (4/15)
 Temple: D:4-7

Altars:
Hepliaklqana
Kikubaaqudgha
Makhleb
Nemelex Xobeh
Wu Jian
The Shining One

Shops:
D:1 =

Annotations:
D:2 1 runed translucent door, Crazy Yiuf


Innate Abilities, Weirdness & Mutations

You are a venomous arachnid creature.
You have poisonous fangs.
You are tiny and dextrous.
Your spellcasting is less reliable in this form.
Your armour is entirely melded.
You are incapable of wielding weapons or throwing items.
You cannot wear most types of armour.
((You are amphibious.))
You can wear up to eight rings at the same time.
((Your skin changes colour to match your surroundings (Stealth+).))
((Your rubbery body absorbs attacks. (AC +1, EV +1)))
((You are camouflaged when in or above water. (Stealth+)))
((You have tentacles for arms and can constrict up to eight enemies at once.))


Message History

Your transformation is almost over.
Your transformation has ended.
n - a throwing net You see here an adder corpse.
m - 2 potions of lignification (gained 1)
o - a scroll of identify You open the door.
An endoplasm comes into view.
An endoplasm is nearby!
An endoplasm is nearby!
There is an open door here.
Casting: Spider Form (dangerous; 6% risk of failure)
Confirm with . or Enter, or press ? or * to list all spells.
You turn into a venomous arachnid creature.
The endoplasm quivers.
You hit the endoplasm.
The endoplasm is heavily wounded.
The endoplasm completely misses you.
You hit the endoplasm.
You kill the endoplasm!
Unknown command.
No target in view!
An ogre comes into view. It is wielding a +0 giant club.
Found an escape hatch in the floor.
An ogre is nearby!
An ogre is nearby!
Casting: Spider Form (dangerous; 17% risk of failure)
Confirm with . or Enter, or press ? or * to list all spells.
You extend your transformation's duration.
The helpless ogre fails to defend itself.
You hit the ogre.
The ogre is poisoned.
The ogre is lightly wounded.
The ogre hits you with a +0 giant club!!
Ouch! That really hurt!
You hit the ogre.
The ogre is moderately wounded.
You bite the ogre!
The ogre looks as sick as possible!
The ogre is severely wounded.
The ogre hits you with a +0 giant club!!
You die...

####### #.....#
#.....# #.....#
#.†...# #[....#
#....## ##+## ####
##...## #...##...##
.....# +.⌠..sO⌠.>#
##[..## #...##...##
##....####
##'#######
.........# #......#
.........###....###
..................#
###...#####.#####.##
# #...#
#..#####..##.# #...#
#..##........


You could see an ogre (extremely poisoned).

Vanquished Creatures
  Grinder (D:4)
  Sigmund (D:2)
  Eustachio (D:4)
  An ogre (D:4)
  A necrophage (D:4)
  A jelly (D:4)
  A hound (D:4)
  Terence (D:2)
  An orc wizard (D:4)
  4 adders
  A dart slug (D:3)
  3 worms
  4 orcs (D:4)
  7 ball pythons
  10 endoplasms
  2 giant cockroaches
  7 goblins
  5 hobgoblins
  6 jackals (D:1)
  5 kobolds
  3 quokkas
  3 bats
  3 frilled lizards (D:2)
  3 rats
75 creatures vanquished.

Notes
Turn   | Place    | Note
-------+----------+-------------------------------------------
     0 | D:1      | ytrimaz the Octopode Transmuter began the quest for the
                  | Orb.
     0 | D:1      | Reached XP level 1. HP: 13/13 MP: 3/3
   232 | D:1      | Found Todidoc's Jewellery Boutique.
   384 | D:1      | Reached XP level 2. HP: 18/18 MP: 3/5
   826 | D:1      | Found a faded altar of an unknown god.
   921 | D:1      | Reached XP level 3. HP: 18/23 MP: 4/6
   924 | D:1      | Learned a level 2 spell: Wereblood
   928 | D:1      | Learned a level 3 spell: Spider Form
  1219 | D:2      | Found a burning altar of Makhleb.
  1228 | D:2      | Noticed Sigmund
  1241 | D:2      | Killed Sigmund
  1242 | D:2      | Reached XP level 4. HP: 10/28 MP: 3/8
  1242 | D:2      | Reached XP level 5. HP: 12/33 MP: 3/9
  1720 | D:2      | Noticed Terence
  1729 | D:2      | Killed Terence
  1730 | D:2      | Reached XP level 6. HP: 33/38 MP: 7/10
  2202 | D:2      | Found a runed translucent door.
  2203 | D:2      | Noticed Crazy Yiuf
  2432 | D:2      | Learned a level 4 spell: Ice Form
  2449 | D:3      | Found a hazy altar of Hepliaklqana.
  2529 | D:3      | Found an ancient bone altar of Kikubaaqudgha.
  2698 | D:3      | Identified the amulet "Nutesm" {Faith Str+2}
  2773 | D:3      | Found a sparkling altar of Nemelex Xobeh.
  3065 | D:3      | Found an ornate altar of the Wu Jian Council.
  3343 | D:3      | Got the Verses on Fiery Reformation
  3444 | D:4      | Found a glowing golden altar of the Shining One.
  3664 | D:4      | Reached XP level 7. HP: 40/43 MP: 10/13
  3665 | D:4      | Noticed Grinder
  3714 | D:4      | Noticed Eustachio
  3740 | D:4      | Killed Eustachio
  3769 | D:4      | Paralysed by Grinder for 3 turns
  3781 | D:4      | Killed Grinder
  3782 | D:4      | Reached skill level 5 in Spellcasting
  3782 | D:4      | Reached skill level 5 in Transmutations
  3881 | D:4      | Reached XP level 8. HP: 46/48 MP: 11/15
  3972 | D:4      | Slain by an ogre

Illustrated notes

Levels and vault maps discovered:
D:1:      minmay_arrival_widening_spiral_narrow, layout_basic,
          hellmonk_ecumenical_altar_pennies_from_heaven, serial_shops,
          nicolae_shop_stone, serial_glass, glass_columns_c, glass_columns_a,
          glass_columns_a, glass_columns_a, glass_columns_c, glass_columns_c,
          glass_columns_a, glass_columns_b, glass_columns_a, glass_columns_a,
          glass_columns_a, glass_columns_a, glass_columns_a, glass_columns_c,
          skrybe_limestone_x, nrook_uturn
D:2:      layout_basic, basic_altar, uniq_sigmund, uniq_terence,
          uniq_crazy_yiuf_cottage
D:3:      layout_loops_cross, mainiacjoe_overflow_brackets, marbit_many_paths,
          nicolae_kikubaaqudgha_miasma_corner,
          mainiacjoe_overflow_concentric_impassable,
          nicolae_concentric_dashed_squares_wild
D:4:      layout_loops_cross, kennysheep_mini_moat,
          nicolae_ru_sacrificial_ziggurat, mainiacjoe_overflow_cross_hatched,
          grunt_ministairs_5, uniq_eustachio, uniq_grinder, uniq_robin

Skill      XL: |  1  2  3  4  5  6  7 |
---------------+----------------------+-----
Unarmed Combat | 4 |  4.1
Transmutations | 3 4 5 |  5.2
Poison Magic   | 3 4 |  4.0
Spellcasting   | 3 4 5 |  5.3
Fighting       | |  1.0
Dodging        | |  2.0
Ice Magic      | |  0.5

Action                   |  1- 3 |  4- 6 |  7- 9 || total
-------------------------+-------+-------+-------++-------
Melee: Unarmed           |    41 |   110 |    34 ||   185
       Tentacles         |     6 |     7 |       ||    13
       Kick              |     8 |     4 |       ||    12
       Constrict         |     7 |     7 |     1 ||    15
       Punch             |       |     1 |       ||     1
 Cast: Beastly Appendage |    10 |     4 |       ||    14
       Spider Form       |       |    19 |     4 ||    23
       Ice Form          |       |       |     2 ||     2
  Use: Potion            |     2 |       |       ||     2
       Scroll            |     1 |     7 |       ||     8
 Stab: Sleeping          |     3 |     5 |     1 ||     9
Armor: Skin              |    18 |     5 |     5 ||    28
Dodge: Dodged            |    34 |    73 |    19 ||   126

Table legend: (Time is in decaauts)
 A = Elapsed time spent in this place.
 B = Non-inter-level travel time spent in this place.
 C = Inter-level travel time spent in this place.
 D = Time resting spent in this place.
 E = Time spent auto-exploring this place.
 F = Levels seen in this place.
 G = Mean time per level.
                   A        B        C        D        E       F      G
               +--------+--------+--------+--------+--------+-----+--------+
         Total |   3967 |   3881 |     86 |     47 |   3104 |   4 |  991.8 |
       Dungeon |   3967 |   3881 |     86 |     47 |   3104 |   4 |  991.8 |
               +--------+--------+--------+--------+--------+-----+--------+

Top non-repeatable levels by time:
     D:2: 1221 daAuts
     D:1: 1216 daAuts
     D:3: 1002 daAuts
     D:4: 527 daAuts
